 Dungeon Crawl Stone Soup version 0.31-a0-983-g7b6862f502 (webtiles) character file.

Game seed: 4849306332548126866

81 Naiya55 the Chiller (level 4, -1/36 HPs)
             Began as a Naga Ice Elementalist on Nov 3, 2023.
             Slain by a cerulean imp
             ... wielding a +4 spear
             ... summoned by Natasha
              (4 damage)
             ... on level 3 of the Dungeon.
             The game lasted 00:02:37 (1637 turns).

Naiya55 the Chiller (Naga Ice Elementalist)         Turns: 1637, Time: 00:02:38

Health: -1/36      AC:  2    Str: 10    XL:     4   Next: 40%
Magic:  6/7        EV: 10    Int: 17    God:
Gold:   129        SH:  0    Dex: 12    Spells: 6/7 levels left

rFire   . . .        e - +0 dagger (venom)
rCold   + . .        (no shield)
rNeg    . . .        a - +0 robe
rPois   +            (no helmet)
rElec   .            (no cloak)
rCorr   .            (no gloves)
SInv    +            (no barding)
Will    .....        (no amulet)
Stlth   ++           h - ring of protection from cold
HPRegen 0.26/turn    (no ring)
MPRegen 0.10/turn

%: no passive effects
@: very slow
A: AC +1, large, see invisible, deformed body, poison resistance, slowness 2,
spit poison 1, naga tail 1
a: Spit Poison


You were on level 3 of the Dungeon.
You visited 1 branch of the dungeon, and saw 3 of its levels.

You collected 129 gold pieces.

Inventory:

Hand Weapons
 e - a +0 dagger of venom (weapon)
Armour
 a - a +0 robe (worn)
Jewellery
 h - a ring of protection from cold (left hand)
Scrolls
 d - a scroll of brand weapon {unknown}
 f - a scroll of poison {unknown}
 g - a scroll of revelation {unknown}
Potions
 b - a potion of magic
 c - a potion of resistance {unknown}
 i - a potion of invisibility {unknown}


   Skills:
 - Level 1.5 Dodging
 - Level 3.0 Stealth
 - Level 2.0 Spellcasting
 + Level 5.7 Ice Magic


You had 6 spell levels left.
You knew the following spells:

 Your Spells              Type           Power      Damage    Failure   Level
a - Freeze                Ice            84%        1d9       1%          1

Your spell library contained the following spells:

 Spells                   Type           Power      Damage    Failure   Level
 Frozen Ramparts          Ice            42%        1d7       5%          3
 Ozocubu's Armour         Ice            21%        N/A       5%          3
 Sublimation of Blood     Necr           1%         N/A       28%         2
 Summon Ice Beast         Ice/Summ       11%        N/A       52%         4
 Petrify                  Tmut/Erth      1%         N/A       88%         4
 Irradiate                Conj/Tmut      0%         3d11      99%         5
 Ozocubu's Refrigeration  Ice            10%        4d9       100%        7


Dungeon Overview and Level Annotations

Branches:
Dungeon (3/15)

Altars:

Annotations:
D:3 Natasha


Innate Abilities, Weirdness & Mutations

Your serpentine skin is tough. (AC +1)
You have supernaturally acute eyesight. (SInv)
Armour fits poorly on your strangely shaped body.
Your system is resistant to poisons. (rPois)
You cover ground very slowly.
You can spit poison.
You have a snake-like lower body.


Message History

The helpless goblin fails to defend itself.
You puncture the goblin!
You kill the goblin!
Natasha, Servant of Life and Death comes into view.
You see here a +0 club.
Natasha hisses angrily.
The kobold shouts!
Natasha barely misses you.
You barely miss Natasha. Natasha claws you.
You completely miss Natasha.
Natasha casts a spell.
The kobold hits you with a +0 dagger.
You hit the kobold.
You kill the kobold!
Natasha mumbles some strange words.
Natasha shimmers violently.
Natasha claws you. The cerulean imp barely misses you.
You hit Natasha.
Natasha is poisoned.
Natasha is moderately wounded.
Natasha barely misses you. The cerulean imp closely misses you.
You closely miss Natasha.
Natasha is moderately wounded.
Natasha claws you!
The cerulean imp hits you with a +4 spear.
You hit Natasha but do no damage.
Natasha looks as sick as possible!
Natasha is moderately wounded.
Natasha claws you.
* * * LOW HITPOINT WARNING * * *
The cerulean imp hits you with a +4 spear.
* * * LOW HITPOINT WARNING * * *
Casting: Freeze (safe; 1% risk of failure)
Confirm with . or Enter, or press ? or * to list all spells.
Aiming: Freeze (safe; 1% risk of failure)
Press: ? - help, Shift-Dir - straight line, f - Natasha
Aim: Natasha (moderately wounded, extremely poisoned)
You freeze Natasha.
Natasha is heavily wounded.
Natasha claws you.
* * * LOW HITPOINT WARNING * * *
The cerulean imp hits you with a +4 spear.
You die...

... ... ... ...
#.# ## #..#####
..### #..h..#
... #.)@5.# ...
##....# ###
#....#####.#
#...<)..######
#....##......#
.......######..#
#.#####.# #..# #
#.# ##.### #.#
#.#.##


You could see Natasha (extremely poisoned) and a cerulean imp (summoned).

Vanquished Creatures
  3 adders (D:2)
  2 dart slugs
  5 endoplasms
  2 giant cockroaches
  6 hobgoblins
  4 jackals (D:1)
  4 kobolds
  A quokka (D:1)
  A ball python (D:1)
  3 bats
  5 frilled lizards
  6 goblins
  3 rats
45 creatures vanquished.

Notes
Turn   | Place    | Note
-------+----------+-------------------------------------------
     0 | D:1      | Naiya55 the Naga Ice Elementalist began the quest for the
                  | Orb.
     0 | D:1      | Reached XP level 1. HP: 15/15 MP: 3/3
   221 | D:1      | Reached XP level 2. HP: 22/22 MP: 3/5
   473 | D:1      | Found a faded altar of an unknown god.
   478 | D:1      | Reached XP level 3. HP: 24/28 MP: 2/6
   497 | D:1      | Reached skill level 5 in Ice Magic
  1088 | D:2      | Reached XP level 4. HP: 32/36 MP: 3/7
  1627 | D:3      | Noticed Natasha
  1637 | D:3      | Slain by a cerulean imp

Illustrated notes

Levels and vault maps discovered:
D:1:      heliophobic_arrival_battle_scene, layout_loops_ring,
          hellmonk_ecumenical_altar_arch_garden, minivault_26
D:2:      layout_basic, st_stairs_3, chequers_serial_rivers_micro_d
D:3:      layout_rooms, serial_aquarium, aquarium_bridge_long_separate
          [aquarium_subvault_window, aquarium_subvault_bridge,
          aquarium_subvault_bridge, aquarium_subvault_window,
          aquarium_subvault_balcony, aquarium_subvault_bridge],
          aquarium_bridge_straight [aquarium_subvault_bridge,
          aquarium_subvault_wall, aquarium_subvault_bridge,
          aquarium_subvault_wall], aquarium_window_fake, aquarium_window_3,
          aquarium_window_fake, aquarium_window_fake, aquarium_view_2e,
          aquarium_view_2a, aquarium_pool_split, uniq_natasha, uniq_jessica,
          uniq_grinder, uniq_ijyb

Skill      XL: |  1  2  3 |
---------------+----------+-----
Ice Magic      | 5 |  5.7
Dodging        | |  1.5
Stealth        | |  3.0
Spellcasting   | |  2.0

Action                     |  1- 3 |  4- 6 || total
---------------------------+-------+-------++-------
  Melee: Dagger            |    42 |    24 ||    66
   Cast: Freeze            |    27 |     7 ||    34
Ability: Spit Poison       |     1 |     1 ||     2
   Stab: Sleeping          |     3 |     2 ||     5
 Armour: Robe              |    38 |    18 ||    56
  Dodge: Dodged            |    44 |    10 ||    54

Table legend: (Time is in decaauts)
 A = Elapsed time spent in this place.
 B = Non-inter-level travel time spent in this place.
 C = Inter-level travel time spent in this place.
 D = Time resting spent in this place.
 E = Time spent auto-exploring this place.
 F = Levels seen in this place.
 G = Mean time per level.
                   A        B        C        D        E       F      G
               +--------+--------+--------+--------+--------+-----+--------+
         Total |   2068 |   2018 |     50 |      0 |   1613 |   3 |  689.3 |
       Dungeon |   2068 |   2018 |     50 |      0 |   1613 |   3 |  689.3 |
               +--------+--------+--------+--------+--------+-----+--------+

Top non-repeatable levels by time:
     D:1: 1065 daAuts
     D:2: 964 daAuts
     D:3: 38 daAuts
